[Event "*** Titled Tuesday Blitz"]
[Site "Chess.com"]
[Date "2020.12.01"]
[Round "4"]
[White "KetiGrant"]
[Black "carloseduar100"]
[Result "1/2-1/2"]
[WhiteElo "2361"]
[BlackElo "2049"]
[TimeControl "180+1"]
[EndTime "10:39:41 PST"]
[Termination "Game drawn by agreement"]

1. e4 e6 2. d4 d5 3. Nc3 Nf6 4. e5 Nfd7 5. f4 c5 6. Nf3 Nc6 7. Be3 Qb6 8. Na4 Qc7 9. Nxc5 Nxd4 10. Nxd4 Nxc5 11. Qg4 Bd7 12. Be2 a6 13. O-O g6 14.
c4 dxc4 15. Bxc4 Bg7 16. Rac1 Qb6 17. Nb3 Bf8 18. Be2 Rc8 19. Qg3 Qb4 20. Rc4 Ne4 21.
Rxc8+ Bxc8 22. Qf3 Bd7 23. Nd4 Nc5 24. b3 Be7 25. Rc1 O-O 26. Rc4 Qa5 27. b4 Qxa2 28. bxc5 Rc8 29. Rc2 Qa1+ 30. Rc1 Qb2 31. Qxb7 Qxb7 32.
c6 Bxc6 33. Nxc6 Rxc6 34. Rd1 Rc2 35. Bf3 Qb2 36. Bd4 Kg7 37. Bxb2 Rxb2 38. Rd7 Bb4 39. Kf1 a5 40. Ra7 Rf2+ 41. Kxf2 Bc5+ 42. Ke2 Bxa7 43.
Kd3 Bc5 44. Kc4 Bb4 45. Kb5 h5 46. g3 f6 47. exf6+ Kxf6 48. Be4 e5 49. fxe5+ Kxe5 50. Bxg6 h4 51. gxh4 Kf6 52. h5 Kg7 53. h3 Kh6 54.
Ka4 Be1 55. Kb3 Bb4 56. Kc4 Be1 57. Kd5 Bb4 58. Ke6 Be1 59. Kf5 Bb4 60. Kg4 Be1 61. Bf7 Bb4 62. Bb3 Be1 63. h4 Bb4 64. Bd1 Be1 65. Kf5 Bb4 66. Ke4 Be1 67. Kd5 Bxh4 68. Kc4 Be1 69. Kb5 Bb4 70. Ka4 Be1 71. Kb5 Bb4 72. Ka4 1/2-1/2

[Event "*** Titled Tuesday Blitz"]
[Site "Chess.com"]
[Date "2020.12.01"]
[Round "4"]
[White "canary2016"]
[Black "stefy02"]
[Result "0-1"]
[WhiteElo "1991"]
[BlackElo "2251"]
[TimeControl "180+1"]
[EndTime "10:39:41 PST"]
[Termination "stefy02 won on time"]

1. d4 Nf6 2. c4 e6 3. Nc3 Bb4 4. Qc2 O-O 5. a3 Bxc3+ 6. Qxc3 b6 7. Bg5 Bb7 8. f3 h6 9. Bh4 d6 10. e4 g5 11. Bf2 Nbd7 12. Bd3 e5 13. Ne2 Nh5 14.
O-O Nf4 15. Rfd1 Qf6 16. Nxf4 gxf4 17. Bc2 Rad8 18. Rac1 Kh7 19. Qe1 Rg8 20. Bh4 Qg6 21. Qf2 f6 22. Bb3 c5 23. dxe5 Nxe5 24. Rc2 Rg7 25.
Rcd2 Rdg8 26. Kh1 Nf7 27. Rg1 Rd8 28. Qe2 Ne5 29. Ba2 Rf7 30. b4 Qh5 31. Be1 Rg7 32. b5 Nf7 33. Rc2 Rdg8 34. Bc3 Ne5 35. Bxe5 fxe5 36. Rd2 Rg6 37. Qf2 Bc8 38. Bb3 Rd8 39.
Bc2 Be6 40. Bb3 Bf7 41. a4 Rdg8 42. Rc2 Qg5 43. Rd2 Qf6 44. Re2 Be6 45. Rd2 Bc8 46. Rc2 Qg7 47. Rd2 Bh3 48. g3 Bc8 49. g4 h5 50. h3 hxg4 51. fxg4 f3 52. Qxf3 Qh6 53. Rdg2 Rf8 54. Qg3 Qg5 55. Bc2 Rgf6 56. Bd3 Rf3 57. Qh2 Rxd3 58. Rg3 Rd2 59. R3g2 Rd4 60.
Rg3 Qf4 61. R3g2 Rd2 0-1

[Event "*** Titled Tuesday Blitz"]
[Site "Chess.com"]
[Date "2020.12.01"]
[Round "4"]
[White "StephenDedalus83"]
[Black "sorito"]
[Result "1-0"]
[WhiteElo "2701"]
[BlackElo "2481"]
[TimeControl "180+1"]
[EndTime "10:39:43 PST"]
[Termination "StephenDedalus83 won on time"]

1. e4 e6 2. d4 d5 3. Nc3 Nf6 4. e5 Nfd7 5. f4 c5 6. Nf3 Nc6 7. Be3 a6 8. Qd2 b5 9. a3 Bb7 10. Be2 cxd4 11. Nxd4 Bc5 12. O-O Qb6 13. Rad1 g6 14.
Bf3 Nxd4 15. Bxd4 Bxd4+ 16. Qxd4 h5 17. Ne2 Ke7 18. Rf2 Qxd4 19. Nxd4 Rac8 20. g3 Nb6 21. c3 Na4 22. Ra1 Nc5 23. Bd1 Bc6 24. Re2 Bd7 25. Bc2 Rb8 26. b4 Na4 27. Bxa4 bxa4 28.
c4 dxc4 29. Rc2 Rhc8 30. Kf2 Rc7 31. Ke3 Bb5 32. Rd1 Rd8 33. Rc3 Rcd7 34. Rd2 Rd5 35. Rc1 f6 36. exf6+ Kxf6 37. Rcd1 e5 38. Ne2 Rd3+ 39.
Rxd3 cxd3 40. Nc3 exf4+ 41. Kxf4 g5+ 42. Ke3 Re8+ 43. Ne4+ Kf5 44. Rf1+ Kg4 45. Kd4 Rd8+ 46. Kc3 Kh3 47. Rf2 Rd5 48. Rd2 h4 49. gxh4 Kxh4 50.
Rg2 g4 51. Rxg4+ Kxg4 52. Nf6+ Kf3 53. Nxd5 Ke2 54. Nf4+ Ke1 55. Nxd3+ Ke2 56. Nc5 Kf3 57. Ne6 Kg2 58. Nc7 Kxh2 59. Nxb5 axb5 60. Kd4 Kg3 61. Kc5 1-0

[Event "*** Titled Tuesday Blitz"]
[Site "Chess.com"]
[Date "2020.12.01"]
[Round "4"]
[White "vugarrasulov"]
[Black "pedromartinez91"]
[Result "1/2-1/2"]
[WhiteElo "2876"]
[BlackElo "2448"]
[TimeControl "180+1"]
[EndTime "10:39:43 PST"]
[Termination "Game drawn - insufficient material"]

1. e4 e6 2. d4 d5 3. Bd3 dxe4 4. Bxe4 Nf6 5. Bf3 Nbd7 6. Ne2 e5 7. Nbc3 Bd6 8. O-O O-O 9. Bg5 Re8 10. Ne4 Be7 11.
Bxf6 Bxf6 12. d5 Be7 13. Bg4 g6 14. d6 cxd6 15. Nxd6 Bxd6 16. Qxd6 Nb6 17. Qxd8 Rxd8 18. Bf3 Nc4 19. Rfd1 Nd2 20. Nc3 Nxf3+ 21. gxf3 Be6 22. Ne4 Rac8 23. c3 Rxd1+ 24. Rxd1 Bxa2 25. Ra1 Be6 26.
Rxa7 Rd8 27. Kg2 b5 28. Rb7 Bc4 29. b3 Be2 30. Re7 Rd3 31. Ng5 h6 32. Rxe5 Bd1 33. Nh3 Bxf3+ 34. Kg3 Rxc3 35. Re3 Rxe3 36. fxe3 Bd5 37.
b4 g5 38. Nf2 f5 39. Nd1 Kg7 40. Nc3 Bc6 41. Ne2 Kf6 42. Nd4 Bd7 43. h4 Ke5 44. Nf3+ Ke4 45. hxg5 hxg5 46. Kf2 g4 47.
Ng5+ Kd3 48. Nf7 Kc3 49. Ne5 Be8 50. e4 fxe4 51. Nxg4 Kxb4 52. Ke3 Kc3 53. Kxe4 b4 54.
Ne3 b3 55. Nd1+ Kc2 56. Ne3+ Kd2 57. Kd4 Bf7 58. Nf1+ Ke1 59. Ne3 b2 60. Nc2+ Kd2 61. Na3 Kc1 62. Kc3 Bg8 63. Kb4 Ba2 64. Kc3 Bb1 65. Nc4 Be4 66. Nxb2 1/2-1/2

[Event "*** Titled Tuesday Blitz"]
[Site "Chess.com"]
[Date "2020.12.01"]
[Round "4"]
[White "ozates"]
[Black "vovachesss"]
[Result "0-1"]
[WhiteElo "2397"]
[BlackElo "2618"]
[TimeControl "180+1"]
[EndTime "10:39:44 PST"]
[Termination "vovachesss won by resignation"]

1. d4 Nf6 2. Bg5 c5 3. Nc3 cxd4 4. Qxd4 Nc6 5. Qa4 e6 6. e4 Be7 7. O-O-O O-O 8. f4 Ng4 9. Bxe7 Qxe7 10. Nh3 a6 11. e5 Rb8 12. Be2 b5 13. Qe4 f5 14.
Qd3 Nb4 15. Qg3 Bb7 16. Bxg4 fxg4 17. Qxg4 Rbc8 18. a3 Nd5 19. Nxd5 Bxd5 20. Ng5 b4 21. Qh3 h6 22. Nf3 bxa3 23. bxa3 Qxa3+ 24. Kd2 Qc3+ 25. Ke2 Qxc2+ 26. Rd2 Qe4+ 27. Kf2 Rxf4 28. Re1 Qb4 29. Red1 Rcf8 30. Rd3 Qb7 31. Kg1 Qb6+ 32. Kh1 Qf2 33.
Qg3 Qxg3 34. hxg3 Rxf3 35. gxf3 Bxf3+ 36. Rxf3 Rxf3 37. Kg2 Rf7 38. Rd6 a5 39. Ra6 Kh7 40.
Rxa5 Kg6 41. Ra7 Kf5 42. Kh3 Kxe5 43. Ra5+ Kf6 44. Ra1 d5 45. Rf1+ Ke7 46. Re1 Kd6 47. g4 e5 48. Kg3 e4 49. Ra1 Rc7 50. Ra8 Rc6 51. Rd8+ Ke5 52. Re8+ Re6 53. Rd8 g5 54.
Kf2 d4 55. Ke2 Rd6 56. Re8+ Kd5 57. Kd2 Ra6 58. Rd8+ Ke5 59. Re8+ Kf4 60. Rd8 Ra2+ 61. Kc1 d3 62. Kd1 e3 63. Kc1 e2 64. Re8 e1=Q+ 0-1

[Event "*** Titled Tuesday Blitz"]
[Site "Chess.com"]
[Date "2020.12.01"]
[Round "4"]
[White "serhanberat_ozdemir"]
[Black "FMKonstantin_Twitch"]
[Result "1-0"]
[WhiteElo "2351"]
[BlackElo "2600"]
[TimeControl "180+1"]
[EndTime "10:39:44 PST"]
[Termination "serhanberat_ozdemir won by checkmate"]

1. e4 d5 2. exd5 Qxd5 3. Nc3 Qe6+ 4. Be2 Qg6 5. Bf3 Nc6 6. Nge2 Bf5 7. d3 O-O-O 8. Ng3 Bd7 9. Bh5 Qe6+ 10. Be2 Nf6 11. Be3 Qd6 12. Nge4 Nxe4 13. Nxe4 Qg6 14. O-O h5 15. f4 Bf5 16. Ng3 Bg4 17. f5 Qh7 18. h3 Bxe2 19. Qxe2 h4 20. Ne4 f6 21. Nc5 g6 22. Ne6 Rd7 23. b4 gxf5 24. b5 Nd8 25. Nd4 e6 26. Nf3 Bd6 27. c4 e5 28. c5 Bf8 29. Rfc1 c6 30. Rab1 e4 31. dxe4 fxe4 32.
Nd4 f5 33. bxc6 Nxc6 34. Nxc6 bxc6 35. Bf4 Kd8 36. Rb8+ Ke7 37. Bd6+ Kf7 38. Qc4+ Kg6 39. Qe6+ Kh5 40. Rxf8 Rxf8 41. Bxf8 Qf7 42. Qxf7+ Rxf7 43. Bd6 f4 44. Rf1 Kg5 45. Re1 e3 46. Kf1 Kf5 47. Ke2 Ke4 48. Rc1 Kd5 49. Rd1+ Ke4 50. Rf1 Rf5 51.
Rd1 Rd5 52. Rxd5 cxd5 53. c6 d4 54. c7 d3+ 55. Ke1 f3 56. gxf3+ Kxf3 57. Bb4 d2+ 58. Bxd2 exd2+ 59. Kxd2 Kg3 60. c8=Q Kh2 61. Qg4 Kh1 62.
Ke2 Kh2 63. Kf2 a5 64. Qg2# 1-0

[Event "*** Titled Tuesday Blitz"]
[Site "Chess.com"]
[Date "2020.12.01"]
[Round "4"]
[White "zurzan"]
[Black "Pogosian_Manvel"]
[Result "0-1"]
[WhiteElo "2080"]
[BlackElo "2377"]
[TimeControl "180+1"]
[EndTime "10:39:44 PST"]
[Termination "Pogosian_Manvel won on time"]

1. f4 e5 2. fxe5 d6 3. exd6 Bxd6 4. Nf3 g5 5. g3 g4 6. Nh4 Ne7 7. d4 Ng6 8. Ng2 h5 9. Qd3 h4 10. Nf4 Nxf4 11. Bxf4 hxg3 12. Qxg3 Nc6 13. Bxd6 cxd6 14. c3 Be6 15. Nd2 d5 16. O-O-O Qg5 17. e3 O-O-O 18. Qf4 Qxf4 19. exf4 Rh4 20. Bd3 Rdh8 21. f5 Bd7 22.
Nf1 Ne7 23. f6 Nf5 24. Bxf5 Bxf5 25. Ne3 Be4 26. Rhg1 Rxh2 27. Rd2 Rh1 28. Rdd1 Rxg1 29. Rxg1 Bf3 30. Nxg4 Rg8 31. Re1 Bxg4 32. Re7 Be6 33. Kd2 Rg6 34. c4 dxc4 35. Kc3 Rxf6 36. Kb4 Rf5 37.
Re8+ Kc7 38. Ra8 Kb6 39. Rd8 a5+ 40. Kc3 Rf3+ 41. Kd2 Rf2+ 42. Kc3 Kc7 43. Ra8 b6 44. Ra7+ Kc6 45. a3 Kb5 46. Rc7 Rf3+ 47. Kd2 Rd3+ 48.
Kc2 Rxd4 49. Kc3 Rd3+ 50. Kc2 f5 51. Re7 Re3 52. Kd2 f4 53. Re8 Ka4 54. Rf8 Re4 55. Rb8 b5 56. Rf8 Kb3 57. Rb8 b4 58. axb4 axb4 59. Kc1 f3 60. Rf8 Bg4 61. Rf6 Re2 62. Kd1 f2 63. Rxf2 Rxf2+ 64. Ke1 Rxb2 65. Kf1 Re2 66.
Kg1 c3 0-1

[Event "*** Titled Tuesday Blitz"]
[Site "Chess.com"]
[Date "2020.12.01"]
[Round "4"]
[White "Das_Virus_2020"]
[Black "garfio2017"]
[Result "1-0"]
[WhiteElo "2448"]
[BlackElo "2279"]
[TimeControl "180+1"]
[EndTime "10:39:45 PST"]
[Termination "Das_Virus_2020 won by checkmate"]

1. e4 c6 2. Nc3 d6 3. d4 g6 4. g3 Bg7 5. Bg2 Nf6 6. Nge2 O-O 7.
O-O e5 8. h3 Nbd7 9. Be3 Nb6 10.
b3 Re8 11. Qd2 Nfd7 12. Rad1 Qe7 13. Kh2 f5 14. dxe5 dxe5 15. exf5 gxf5 16. f4 e4 17. a4 Nf6 18. a5 Nbd5 19. Nxd5 Nxd5 20. Bd4 Be6 21.
Bxg7 Qxg7 22. c4 Nc7 23. Qe3 Na6 24. Nd4 Bd7 25. Rg1 Kh8 26. Bf1 Rad8 27. Be2 Qf6 28. g4 fxg4 29. Bxg4 Bxg4 30. Rxg4 Rg8 31. Rxg8+ Rxg8 32.
Qxe4 Nc5 33. Qe5 Rf8 34. Qxf6+ Rxf6 35. b4 Ne4 36. f5 h5 37. Re1 Nd2 38. Re7 Rd6 39.
Ne6 Nf3+ 40. Kg3 Ne5 41. Rxb7 Rd3+ 42. Kh4 Nxc4 43. Kxh5 Nd6 44. Rxa7 Nxf5 45. Ng5 Ng7+ 46. Kg4 Rd4+ 47. Kf3 Rxb4 48. a6 Nf5 49. Rf7 Nd4+ 50. Ke3 Ra4 51. Kd3 Nb5 52. h4 Rxa6 53. h5 Ra3+ 54.
Kc4 Rg3 55. Ne4 Rg4 56. Kc5 Rxe4 57. Kxc6 Nd4+ 58. Kd5 Rh4 59. Ke5 Nf3+ 60. Kf5 Rxh5+ 61. Kg6 Rh1 62. Rf8# 1-0

[Event "*** Titled Tuesday Blitz"]
[Site "Chess.com"]
[Date "2020.12.01"]
[Round "4"]
[White "Grammnik"]
[Black "Chuchofrio1"]
[Result "1-0"]
[WhiteElo "2331"]
[BlackElo "2467"]
[TimeControl "180+1"]
[EndTime "10:39:46 PST"]
[Termination "Grammnik won by checkmate"]

1. d4 f5 2. Nf3 Nf6 3. c4 d6 4.
Nc3 g6 5. g3 Bg7 6. Bg2 O-O 7.
O-O Nc6 8. d5 Ne5 9. Nd4 Nxc4 10. e4 Nxe4 11. Nxe4 fxe4 12. Bxe4 Bh3 13. Re1 e5 14. Ne6 Bxe6 15. dxe6 c6 16. b3 Nb6 17. Ba3 Nc8 18. Bg2 Rf6 19. Bh3 Qb6 20. Re2 Qc7 21. Qe1 a5 22. Rd1 b5 23. f4 b4 24.
fxe5 dxe5 25. Bb2 Rf8 26. Rd7 Qb6+ 27. Kh1 Ra7 28. Bxe5 Bxe5 29. Rxe5 Ne7 30. Qe3 Qxe3 31. Rxe3 Raa8 32. Rxe7 Rae8 33. Rxe8 Rxe8 34. Bg2 c5 35. e7 Kf7 36. Bd5+ Kf6 37. h4 Rxe7 38. Rxe7 Kxe7 39.
Kg2 Kd6 40. Bc4 Ke5 41. Kf3 Kd4 42. g4 a4 43. Bg8 a3 44. g5 Kc3 45. Bxh7 Kb2 46.
h5 Kxa2 47. hxg6 Kb2 48. g7 a2 49. g8=Q a1=Q 50. Qg7+ Ka2 51. Qxa1+ Kxa1 52. Bg8 Kb2 53. g6 Kc3 54. g7 Kb2 55. Bc4 Ka3 56. g8=Q Kb2 57.
Qg7+ Ka2 58. Ke3 Kb1 59. Kd3 Ka2 60. Qf8 Ka3 61. Qxc5 Kb2 62. Qxb4 Ka1 63. Qd2 Kb1 64. Kc3 Ka1 65. Qb2# 1-0

[Event "*** Titled Tuesday Blitz"]
[Site "Chess.com"]
[Date "2020.12.01"]
[Round "4"]
[White "GianmarcoVaR"]
[Black "MF1966Idrisov"]
[Result "1-0"]
[WhiteElo "2654"]
[BlackElo "2388"]
[TimeControl "180+1"]
[EndTime "10:39:50 PST"]
[Termination "GianmarcoVaR won on time"]

1. d4 d6 2. g3 f5 3. Bg2 Nf6 4. Nd2 e6 5. e4 fxe4 6. Nxe4 Be7 7. Nxf6+ Bxf6 8. Nf3 O-O 9. O-O Nc6 10. Bf4 e5 11.
dxe5 Bxe5 12. Nxe5 Nxe5 13. Bxe5 dxe5 14. Qxd8 Rxd8 15.
Rfe1 Re8 16. Re3 c6 17. Rae1 Bf5 18. Rxe5 Rxe5 19. Rxe5 Bxc2 20. Re7 Rb8 21. h4 Bd3 22. a3 Ba6 23. Rc7 Rd8 24. Be4 Rd2 25. b4 g6 26. h5 Rd4 27. f3 Bd3 28. h6 Bxe4 29. fxe4 b5 30. Rg7+ Kf8 31. Rxh7 Rxe4 32. Rxa7 Kg8 33. Rg7+ Kh8 34. Rxg6 Rc4 35. Rg5 Rc3 36.
Kg2 Rxa3 37. Rc5 Rb3 38. Rxc6 Rxb4 39. Kh3 Kh7 40. g4 Rd4 41. Kh4 b4 42. Kh5 Rd1 43. Rc7+ Kg8 44. Rb7 Rd5+ 45. g5 Rd4 46. Kg6 Rd6+ 47.
Kf5 Rd4 48. Rb8+ Kh7 49. Rb7+ Kg8 50. g6 Rd5+ 51. Ke6 Rd8 52. Ke7 Ra8 53. Rxb4 Ra7+ 54. Kf6 Ra6+ 55. Kg5 Ra5+ 56. Kg4 Ra8 57. Rf4 Rb8 58. Kg5 Rc8 59. Rf5 Rb8 60. Re5 Rc8 61. Kf6 Rf8+ 62. Ke7 Ra8 63. Rd5 1-0

[Event "*** Titled Tuesday Blitz"]
[Site "Chess.com"]
[Date "2020.12.01"]
[Round "4"]
[White "banane_verte"]
[Black "Nikolakis2014"]
[Result "0-1"]
[WhiteElo "2488"]
[BlackElo "2713"]
[TimeControl "180+1"]
[EndTime "10:39:53 PST"]
[Termination "Nikolakis2014 won by resignation"]

1. e4 c6 2. d4 d5 3. Nc3 dxe4 4. Nxe4 Nf6 5. Nxf6+ exf6 6. c3 Bd6 7. Bd3 O-O 8. Ne2 Re8 9. Qc2 h5 10. O-O h4 11. h3 Nd7 12. Be3 Nf8 13. c4 Bc7 14. Rae1 Be6 15. b3 Qd7 16. Nf4 Bxf4 17. Bxf4 Qxd4 18. Be3 Qd7 19. Rd1 Qc7 20. Rfe1 Rad8 21. Qc3 Ng6 22. Qb4 Ne5 23. Be2 b6 24. Qc3 c5 25. Qc2 g6 26. Qe4 Kg7 27. Qxh4 Rh8 28. Qg3 Rxd1 29. Rxd1 Qe7 30. Bf4 Nc6 31. Bd6 Qe8 32.
Bf4 Nd4 33. Bf1 Bf5 34. Be3 Qe5 35. Bxd4 cxd4 36. Bd3 Bxd3 37. Rxd3 Re8 38. Kh2 Rd8 39. f4 Qe4 40. Qf3 f5 41. Kg3 Rd6 42. Kf2 Rd7 43.
Kg1 Qe1+ 44. Kh2 Qe4 45. Kg1 a5 46. Kh2 Qe7 47. g3 Qe4 48. Qd1 f6 49. Qd2 Kf7 50. Kg1 Rd6 51. Kh2 Kg7 52. Kg1 Kh6 53. Kh2 g5 54.
fxg5+ fxg5 55. h4 f4 56. hxg5+ Kxg5 57. Qxf4+ Qxf4 58. gxf4+ Kxf4 59. Kg2 Ke4 60. Rd1 d3 61.
Kf2 Rf6+ 62. Kg2 Ke3 63. Re1+ Kd4 64. Re8 d2 65. Rd8+ Kc3 66. Kg1 Kc2 67. a3 d1=Q+ 68. Rxd1 Kxd1 69. b4 axb4 70. axb4 Kc2 71. c5 bxc5 72.
bxc5 Kc3 0-1

[Event "*** Titled Tuesday Blitz"]
[Site "Chess.com"]
[Date "2020.12.01"]
[Round "4"]
[White "chessmachine14"]
[Black "InitiatingASC"]
[Result "1/2-1/2"]
[WhiteElo "2248"]
[BlackElo "2422"]
[TimeControl "180+1"]
[EndTime "10:39:53 PST"]
[Termination "Game drawn - insufficient material"]

1. e4 c5 2. Nf3 Nc6 3. d4 cxd4 4. Nxd4 Nf6 5. Nc3 e5 6. Ndb5 h6 7. Nd6+ Bxd6 8. Qxd6 Qe7 9. Qxe7+ Kxe7 10. Be3 Rd8 11. O-O-O d6 12. f4 Bg4 13. Rd2 exf4 14. Bxf4 a6 15. Bc4 Rac8 16. h3 Be6 17. Nd5+ Bxd5 18. exd5 Ne5 19. Be2 Ne4 20. Rd4 Nc5 21. b3 Rc7 22. Kb2 Ncd7 23. Rf1 Rdc8 24. c4 b5 25. Bg4 Nxg4 26. hxg4 f6 27. Rc1 bxc4 28. Rcxc4 Ne5 29. Bxe5 fxe5 30. Rxc7+ Rxc7 31. Ra4 Rc5 32. Rxa6 Rxd5 33. Ra7+ Kf6 34. a4 Rd2+ 35. Kc3 Rxg2 36. a5 d5 37. Rb7 d4+ 38. Kd3 Rg3+ 39. Ke4 Re3+ 40. Kd5 d3 41.
Rd7 d2 42. Kc4 Re2 43. Kc3 d1=Q 44. Rxd1 Ra2 45. Rd5 Ke6 46. Rb5 g6 47. b4 h5 48.
Rb6+ Kd5 49. Rxg6 h4 50. Rh6 h3 51. a6 h2 52. a7 Ra3+ 53. Kb2 Rxa7 54. Rxh2 Ke4 55. Re2+ Kf4 56. Kc3 e4 57. b5 Kf3 58.
Re1 e3 59. b6 Rb7 60. Kd3 Rd7+ 61. Kc4 Kf2 62. Rxe3 Kxe3 63. Kc5 Ke4 64. Kc6 Rd1 65. b7 Rc1+ 66. Kd7 Rd1+ 67. Kc7 Rc1+ 68. Kd7 Rb1 69. Kc7 Kf4 70. b8=Q Rxb8 71. Kxb8 Kxg4 1/2-1/2

[Event "*** Titled Tuesday Blitz"]
[Site "Chess.com"]
[Date "2020.12.01"]
[Round "4"]
[White "Skat2704"]
[Black "reniite"]
[Result "0-1"]
[WhiteElo "2344"]
[BlackElo "1999"]
[TimeControl "180+1"]
[EndTime "10:39:54 PST"]
[Termination "reniite won by resignation"]

1. d4 Nf6 2. c4 e6 3. Nf3 b6 4.
g3 Ba6 5. Qc2 Bb7 6. Bg2 c5 7.
O-O Nc6 8. Rd1 Nxd4 9. Nxd4 Bxg2 10. Kxg2 cxd4 11. Rxd4 Rc8 12. Nc3 d5 13. cxd5 Bc5 14. Qa4+ Kf8 15. Rd1 exd5 16. Bf4 h6 17. Rd3 Qe7 18.
Qd1 g5 19. Be3 Bxe3 20. Rxe3 Qb7 21. Kg1 Kg7 22. Rf3 Rhe8 23. Qd3 Re6 24. Rd1 Rce8 25. Qd4 Kg6 26. e3 Qc6 27. Nxd5 Nxd5 28. Qxd5 Qxd5 29. Rxd5 R8e7 30. h4 Rc6 31. hxg5 hxg5 32. Kg2 Rc2 33. g4 Rxb2 34. Rff5 f6 35. Rd6 Rf7 36. e4 Kg7 37. e5 fxe5 38. Rxg5+ Kf8 39. Rf5 Rxf5 40. gxf5 Rxa2 41. f6 Kf7 42. Kg3 b5 43. f3 b4 44. Kg4 a5 45. Kf5 b3 46. Rd7+ Ke8 47. Ke6 Rc2 48. Ra7 Rc6+ 49. Kf5 Rb6 50. Kg6 b2 51. Ra8+ Kd7 52. Ra7+ Kc8 53. Kg7 b1=Q 54. Ra8+ Kb7 55. Rb8+ Kxb8 56. f7 Rb7 57. Kg8 Rxf7 58. Kxf7 Qf5+ 59. Ke7 Qxf3 60. Ke8 Qb3 61. Kd8 a4 62.
Ke7 a3 63. Kf6 a2 64. Kxe5 a1=Q+ 65. Kd6 Qc2 66. Ke7 Qad1 0-1

[Event "*** Titled Tuesday Blitz"]
[Site "Chess.com"]
[Date "2020.12.01"]
[Round "4"]
[White "CheckThis4"]
[Black "maheswaran26"]
[Result "1/2-1/2"]
[WhiteElo "2555"]
[BlackElo "2199"]
[TimeControl "180+1"]
[EndTime "10:39:59 PST"]
[Termination "Game drawn by repetition"]

1. e4 c5 2. Nc3 a6 3. Nf3 e6 4. d4 cxd4 5. Nxd4 Qc7 6. Be2 Nf6 7. O-O Be7 8. Be3 O-O 9. f4 d6 10. Qe1 Nc6 11. Bd3 Nxd4 12. Bxd4 e5 13. Be3 exf4 14. Bxf4 Be6 15. Kh1 Nd7 16. Nd5 Bxd5 17. exd5 Rfe8 18. Qe4 Nf6 19. Qf3 Qc5 20. c4 b5 21. b3 bxc4 22. bxc4 Rab8 23. Rae1 Bf8 24. Rxe8 Rxe8 25. Bg5 Qd4 26. Bxf6 Qxf6 27. Qxf6 gxf6 28. Rxf6 Re1+ 29. Rf1 Rxf1+ 30. Bxf1 a5 31. g3 Kg7 32. Kg2 Kf6 33. Kf3 Ke5 34. Ke3 f5 35. Bh3 Be7 36. Kd3 Bd8 37. Bg2 Bb6 38. Bf3 Bg1 39. h3 Bf2 40. g4 fxg4 41. Bxg4 h6 42. Kc3 Be1+ 43. Kb3 Bb4 44. Bd7 Kd4 45. Bg4 Be1 46. Be2 Kc5 47.
Ka4 Bd2 48. Kb3 Be1 49. Bf1 Bd2 50. Kc2 Be1 51. Kd3 Bf2 52. Be2 Be1 53. Bd1 Bf2 54.
Bb3 Be1 55. Ba4 Bf2 56. Bb5 Be1 57. a4 Bf2 58. Ke4 Be1 59. Kf5 Bd2 60. Kg6 Bc1 61. h4 Bd2 62. h5 Bc1 63. Kf5 Bd2 64. Ke4 Bc1 65. Kd3 Bg5 66. Ke2 Bf4 67. Kf3 Bc1 68.
Ke2 Bg5 69. Kd3 Bc1 70. Ke4 Bg5 71. Kf5 Bc1 72. Ke6 Bg5 73. Kd7 Bd2 74. Kc7 Be1 75. Kb7 Bd2 76. Kc8 Be1 77. Kd7 Bd2 78. Ke6 Be3 79. Kf5 Bd2 80. Ke4 Bc1 81. Kd3 Bg5 82. Ke4 Bc1 1/2-1/2

[Event "*** Titled Tuesday Blitz"]
[Site "Chess.com"]
[Date "2020.12.01"]
[Round "4"]
[White "Pelopidass"]
[Black "javirec"]
[Result "1-0"]
[WhiteElo "2556"]
[BlackElo "2372"]
[TimeControl "180+1"]
[EndTime "10:40:00 PST"]
[Termination "Pelopidass won by checkmate"]

1. e4 e5 2. Nf3 Nc6 3. Bb5 a6 4. Ba4 Nf6 5. O-O Be7 6. Bxc6 dxc6 7. d3 Nd7 8. Nbd2 O-O 9. Nc4 Bf6 10. b3 Re8 11. Bb2 b5 12. Na5 Re6 13. d4 exd4 14.
Nxd4 Bxd4 15. Qxd4 Qf8 16. Rad1 c5 17. Qd5 Nb6 18. Qh5 Rxe4 19. Bxg7 Bg4 20. Qxg4 Rxg4 21. Bxf8 Kxf8 22. Rfe1 Re8 23. Rxe8+ Kxe8 24. Nc6 f6 25. f3 Rg5 26. Nb8 a5 27. Na6 Na8 28. c4 b4 29. Kf2 Re5 30. Nb8 Re6 31. Nd7 Rc6 32. Rd5 Ke7 33. Nxc5 Nb6 34. Rh5 Kd6 35. Ne4+ Ke6 36.
Rxh7 Nd7 37. h4 Ne5 38. h5 Nd3+ 39. Ke3 Nc1 40. h6 Nxa2 41. Rg7 f5 42. Rg6+ Kd7 43. Rxc6 Kxc6 44. h7 fxe4 45. h8=Q Nc3 46. fxe4 Kb6 47.
Qf6+ c6 48. g4 a4 49. bxa4 Nxa4 50. g5 b3 51. g6 b2 52. Qxb2+ Nxb2 53. g7 Nxc4+ 54.
Kf4 c5 55. g8=Q Kb5 56. Qe8+ Kb4 57. Qb8+ Kc3 58. Qb5 Kd4 59. Qa4 Kc3 60. e5 Nb2 61. Qa5+ Kc4 62. e6 Nd3+ 63. Kf5 Nb4 64. e7 Nc6 65.
Qa6+ Kd5 66. Qxc6+ Kxc6 67. e8=Q+ Kb6 68. Qe6+ Kb5 69.
Ke4 c4 70. Kd4 Kb4 71. Qb6+ Ka3 72. Kc3 Ka2 73. Qb2# 1-0

[Event "*** Titled Tuesday Blitz"]
[Site "Chess.com"]
[Date "2020.12.01"]
[Round "4"]
[White "Shubinkirill2003"]
[Black "barriochess"]
[Result "1-0"]
[WhiteElo "2706"]
[BlackElo "2392"]
[TimeControl "180+1"]
[EndTime "10:40:01 PST"]
[Termination "Shubinkirill2003 won by resignation"]

1. e4 d6 2. d4 Nf6 3. Nc3 g6 4. Nf3 Bg7 5. Be3 O-O 6. Qd2 d5 7. e5 Ne4 8. Nxe4 dxe4 9. Ng5 c5 10. c3 cxd4 11. cxd4 Nc6 12. Nxe4 Bf5 13. Nc3 Qa5 14.
Bc4 Rad8 15. f4 Qb4 16. b3 a6 17. a3 Qa5 18. O-O b5 19. Bd5 Nxd4 20. Qxd4 e6 21. b4 Qc7 22. Qc5 Qxc5 23. Bxc5 exd5 24. Bxf8 Bxf8 25.
Rad1 d4 26. Rfe1 Rc8 27. Ne4 Rd8 28. g4 Be6 29. h3 Kg7 30. Kf2 Bb3 31. Rd3 Bc4 32.
Rd2 a5 33. Rb1 axb4 34. axb4 d3 35. Ke3 Ra8 36. Nf2 Ra3 37. Nxd3 Be7 38. Ke4 Bd8 39. f5 Bg5 40. Rdd1 Ra2 41. Nf4 Bxf4 42. Kxf4 Rf2+ 43.
Kg3 Re2 44. Re1 Rc2 45. f6+ Kh6 46. h4 Be6 47. Re4 Rc3+ 48. Kf4 Rh3 49. Rd1 Rxh4 50.
Kg3 g5 51. Rd2 Kg6 52. Rh2 Rxh2 53. Kxh2 h5 54. gxh5+ Kxh5 55. Kg3 Kg6 56. Rd4 Kf5 57. Rd6 Kxe5 58. Rb6 Bc4 59. Kg4 Be2+ 60. Kxg5 Bc4 61. Rb7 Ke6 62. Re7+ Kd6 63. Kh6 Bd5 64. Kg7 Bc4 65.
Rxf7 Bxf7 66. Kxf7 Kd5 67. Ke7 Kc4 68. f7 Kxb4 69.
f8=Q Ka3 70. Qf1 b4 71. Qb1 b3 72. Kd6 b2 73. Kd5 Kb3 74. Kd4 Ka3 75. Kc4 1-0

[Event "*** Titled Tuesday Blitz"]
[Site "Chess.com"]
[Date "2020.12.01"]
[Round "4"]
[White "esapunov"]
[Black "Konavets"]
[Result "1/2-1/2"]
[WhiteElo "2812"]
[BlackElo "3010"]
[TimeControl "180+1"]
[EndTime "10:40:05 PST"]
[Termination "Game drawn by repetition"]

1. c4 e6 2. Nf3 d5 3. d4 Nf6 4. Nc3 Bb4 5. Qa4+ Nc6 6. Bg5 h6 7. Bxf6 Qxf6 8. e3 O-O 9. Rc1 Bd7 10. a3 Bxc3+ 11. Rxc3 Rad8 12. Qc2 dxc4 13. Bxc4 e5 14. d5 Ne7 15. O-O Bg4 16. Qe4 Bxf3 17. Qxf3 Qg6 18. e4 c6 19. dxc6 Nxc6 20. Bd5 Nd4 21. Qe3 Kh8 22. f4 Qb6 23. Kh1 exf4 24. Rxf4 Qxb2 25. Rf1 Ne6 26. Rb3 Qe5 27. Qxa7 f5 28.
Bxe6 Qxe6 29. Rxb7 fxe4 30. Rxf8+ Rxf8 31. Rb8 Rxb8 32. Qxb8+ Kh7 33. Qb1 Qc4 34. Kg1 Kg6 35. Kf2 Kf5 36. h3 Qc5+ 37. Ke2 Qc4+ 38. Ke3 Qc3+ 39.
Ke2 Qa5 40. Qb3 Qa6+ 41. Kf2 Qa7+ 42. Qe3 Qc7 43. g4+ Kf6 44. Qd4+ Kg5 45. Qxe4 Kh4 46.
Qf3 Qc2+ 47. Ke1 Qc1+ 48. Ke2 Qb2+ 49. Kf1 Qc1+ 50. Kg2 Qc8 51. Qg3+ Kg5 52. Qe3+ Kh4 53. Qg3+ Kg5 54. Qe5+ Kg6 55. Qe4+ Kf6 56. Qf4+ Kg6 57. Qe4+ Kf6 58. Qf3+ Ke7 59. h4 Qc2+ 60. Kh3 Qa4 61.
h5 Qb5 62. Qe3+ Kd6 63. Kg3 Qa4 64. Kf3 Qc6+ 65. Kf4 Qa4+ 66. Kf5 Qd7+ 67. Kg6 Qxg4+ 68. Kh7 Qxh5 69. Qd4+ Ke6 70. Qxg7 Qf5+ 71. Kxh6 Qh3+ 72. Kg6 Qd3+ 73. Kh6 Qh3+ 74. Kg6 Qd3+ 75. Kh6 Qh3+ 1/2-1/2

[Event "*** Titled Tuesday Blitz"]
[Site "Chess.com"]
[Date "2020.12.01"]
[Round "4"]
[White "GukeshDommaraju"]
[Black "Paladin61"]
[Result "1/2-1/2"]
[WhiteElo "2887"]
[BlackElo "2687"]
[TimeControl "180+1"]
[EndTime "10:40:05 PST"]
[Termination "Game drawn - insufficient material"]

1. d4 Nf6 2. Nf3 g6 3. g3 Bg7 4. Bg2 O-O 5. O-O d6 6. c4 Nc6 7. Nc3 a6 8. d5 Na5 9. b3 c5 10. Bb2 Rb8 11. a4 e6 12. Nd2 exd5 13. cxd5 b5 14. axb5 axb5 15. e4 Ng4 16. Qc2 Bd7 17. h3 Nh6 18. Nd1 b4 19. Bxg7 Kxg7 20. Qb2+ f6 21. Ne3 Bb5 22. Rfc1 Nf7 23. f4 Ra8 24. Ra2 h5 25. Rca1 Qc7 26. Kh2 Ra7 27. g4 hxg4 28. Nxg4 Nh6 29. Nxh6 Kxh6 30. Nf3 Kg7 31. Kh1 c4 32.
Nd4 Bd7 33. bxc4 Rfa8 34. Qxb4 Rb8 35. Qc3 Rba8 36. e5 fxe5 37. fxe5 dxe5 38. Ne6+ Bxe6 39. dxe6 Nc6 40. Rxa7 Rxa7 41. Rxa7 Nxa7 42. c5 Kf6 43. Bd5 Nb5 44. Qf3+ Kg7 45. Qg4 Qxc5 46. Be4 Qc1+ 47.
Kh2 Qd2+ 48. Kg3 Qe3+ 49. Kg2 Qd2+ 50. Kf1 Qc1+ 51. Kf2 Qd2+ 52. Kg3 Qe3+ 53. Kh2 Qd2+ 54. Bg2 Qf4+ 55. Qxf4 exf4 56. e7 Nd6 57. Bd5 Kf6 58. Kg2 Kxe7 59. Kf3 g5 60. h4 gxh4 61. Kxf4 Kf6 62.
Kg4 Nf5 63. Be4 Nd6 64. Kxh4 1/2-1/2